 Dungeon Crawl Stone Soup version 0.21.0-3-g78d12a8bdd (webtiles) character file.

1524 KarvaRausku the Magician (level 8, -2/39 HPs)
             Began as a Deep Elf Conjurer on Jan 11, 2018.
             Was an Initiate of Sif Muna.
             Shot with a sling bullet by Joseph (16 damage)
             ... on level 7 of the Dungeon.
             The game lasted 00:24:42 (5658 turns).

KarvaRausku the Magician (Deep Elf Conjurer)        Turns: 5658, Time: 00:24:42

Health: -2/39      AC: 10    Str:  5    XL:     8   Next: 54%
Magic:  13/21      EV: 14    Int: 23    God:    Sif Muna [......]
Gold:   326        SH:  0    Dex: 18    Spells: 13/21 levels left

rFire    + . .     SeeInvis .   m - +3 mace (venom)
rCold    + . .     Gourm    +   (no shield)
rNeg     . . .     Faith    .   u - +2 leather armour {rC+}
rPois    .         Spirit   .   (no helmet)
rElec    .         Reflect  .   n - +1 cloak
rCorr    .         Harm     .   r - +0 pair of gloves
MR       .....                  (no boots)
Stlth    +++.......             q - amulet of the gourmand
HPRegen  0.53/turn              p - ring of protection from fire
MPRegen  0.17/turn              x - +3 ring of dexterity

@: no status effects
A: thin metallic scales 1, frail 1, regeneration 1
a: Renounce Religion


You were on level 7 of the Dungeon.
You worshipped Sif Muna.
Sif Muna was noncommittal.
You were very full.

You visited 2 branches of the dungeon, and saw 8 of its levels.

You collected 326 gold pieces.

Inventory:

Hand Weapons
 e - a +0 dagger
 i - a +0 mace
 m - a +3 mace of venom (weapon)
 s - a +1 short sword of protection
Missiles
 D - 38 arrows
Armour
 a - a +0 robe
 n - a +1 cloak (worn)
 r - a +0 pair of gloves (worn)
 u - a +2 leather armour of cold resistance (worn)
 A - a +0 helmet
Jewellery
 p - a ring of protection from fire (left hand)
 q - an amulet of the gourmand (around neck)
 w - an uncursed ring of teleportation
 x - a +3 ring of dexterity (right hand)
 B - a cursed +3 ring of protection {unknown}
 F - an uncursed ring of see invisible {unknown}
Wands
 j - a wand of random effects (90)
 t - a wand of flame (26)
 C - a wand of iceblast (6)
Scrolls
 g - 4 scrolls of identify
 h - 4 scrolls of remove curse
 k - a scroll of blinking
 l - a scroll of enchant armour
 v - 2 scrolls of teleportation
 y - a scroll of enchant weapon
Potions
 d - 2 potions of brilliance
 f - 2 potions of cancellation
 o - a potion of heal wounds
 z - 5 potions of lignification
 H - 2 potions of curing
Books
 b - a book of Conjurations

   Spells                             Type                      Level
   a - Magic Dart                     Conjuration                  1
   b - Searing Ray                    Conjuration                  2
   c - Dazzling Spray                 Conjuration/Hexes            3
   d - Fulminant Prism                Conjuration/Hexes            4
   e - Force Lance                    Conjuration/Translocation    4
   f - Iskenderun's Mystic Blast      Conjuration                  4
 G - a book of Cantrips

   Spells                             Type                      Level
   a - Confusing Touch                Hexes                        1
   b - Animate Skeleton               Necromancy                   1
   c - Summon Small Mammal            Summoning                    1
   d - Apportation                    Translocation                1
Comestibles
 c - 10 rations


   Skills:
 - Level 1.7 Fighting
 - Level 1.6 Maces & Flails
 + Level 2.4 Armour
 + Level 5.4 Dodging
 + Level 6.0 Stealth
 + Level 7.4 Spellcasting
 + Level 7.2 Conjurations
 + Level 0.7 Necromancy


You had 13 spell levels left.
You knew the following spells:

 Your Spells              Type           Power        Failure   Level  Hunger
a - Magic Dart            Conj           ####         1%          1    None
b - Searing Ray           Conj           #####.       1%          2    None
c - Force Lance           Conj/Tloc      ####....     26%         4    ###....
d - Animate Skeleton      Necr           N/A          9%          1    None


Dungeon Overview and Level Annotations

Branches:
Dungeon (7/15)             Temple (1/1) D:6

Altars:
Ashenzari
Cheibriados
Dithmenos
Elyvilon
Fedhas
Gozag
Hepliaklqana
Kikubaaqudgha
Makhleb
Nemelex Xobeh
Okawaru
Qazlal
Ru
Sif Muna
Uskayaw
Vehumet
Wu Jian
Xom
Yredelemnul
Zin
The Shining One

Annotations:
D:5 Burgietje's ghost, novice MiAK; Sigmund
D:7 Joseph


Innate Abilities, Weirdness & Mutations

You are partially covered in thin metallic scales. (AC +2)
You are frail. (-10% HP)
Your natural rate of healing is unusually fast.


Message History

The searing ray misses Joseph.
Joseph shoots a sling bullet.
The sling bullet misses you.
The searing ray hits Joseph.
Joseph is moderately wounded.
You finish channeling your searing ray.
Casting: Searing Ray
Confirm with . or Enter, or press ? or * to list all spells.
Aiming: Searing Ray
Press: ? - help, Shift-Dir - straight line, f/p - Joseph
Aim: Joseph, wielding a hunting sling and wearing a dyed leather armour (lightly wounded)
The searing ray hits Joseph.
Joseph is moderately wounded. (Press . to maintain the ray.) Joseph shoots a sling bullet.
The sling bullet hits you!
The searing ray hits Joseph.
Joseph is moderately wounded.
Joseph shoots a sling bullet.
The sling bullet hits you.
The searing ray misses Joseph.
Joseph shoots a sling bullet.
The sling bullet hits you!
You die...

###########
#.........#
#.........#
#.........#
.....@...#
........#
#......#
#@######
#.....)##
#.......+
#......<#
#.......#
#.......#
#.......#
##.....##
########.....##


You could see Joseph.

Vanquished Creatures
  Eustachio (D:6)
  Edmund (D:4)
  Menkaure (D:4)
  A sky beast (D:6)
  An ogre (D:6)
  A centaur (D:5)
  Blork the orc (D:4)
  A bullfrog (D:6)
  The ghost of zkobry the Cutter, a weakling HaSk (D:3)
  2 crimson imps
  3 orc priests
  A hound (D:5)
  A bullfrog skeleton (D:6)
  7 orc wizards
  Ijyb (D:3)
  A worker ant (D:4)
  6 gnolls
  11 adders
  2 oozes
  4 worms
  2 dart slugs (D:1)
  A leopard gecko (D:2)
  17 orcs
  2 ball pythons
  9 bats
  3 giant cockroaches
  8 goblins
  6 hobgoblins
  3 jackals (D:5)
  4 quokkas
  A ball python skeleton (D:4)
  5 frilled lizards
  7 kobolds
  A quokka skeleton (D:4)
  4 rats
121 creatures vanquished.

Notes
Turn   | Place    | Note
-------+----------+-------------------------------------------
     0 | D:1      | KarvaRausku the Deep Elf Conjurer began the quest for the Orb.
     0 | D:1      | Reached XP level 1. HP: 10/10 MP: 6/6
   362 | D:1      | Reached XP level 2. HP: 15/15 MP: 4/8
  1036 | D:2      | Learned a level 2 spell: Searing Ray
  1042 | D:2      | Reached skill level 5 in Conjurations
  1042 | D:2      | Reached XP level 3. HP: 19/19 MP: 4/10
  1326 | D:2      | Reached XP level 4. HP: 24/24 MP: 8/12
  1602 | D:3      | Noticed zkobry's ghost (weakling HaSk)
  1610 | D:3      | Killed zkobry's ghost
  1727 | D:3      | Reached skill level 5 in Spellcasting
  1727 | D:3      | Reached XP level 5. HP: 28/28 MP: 5/14
  1827 | D:3      | Found an iron altar of Okawaru.
  1896 | D:3      | Noticed Ijyb
  1902 | D:3      | Killed Ijyb
  1921 | D:3      | Found an ornate altar of the Wu Jian Council.
  2335 | D:3      | Found a faded altar of an unknown god.
  2390 | D:3      | Reached skill level 1 in Fighting
  2611 | D:4      | Reached skill level 1 in Maces & Flails
  2628 | D:4      | Found an opulent altar of Gozag.
  2690 | D:4      | Reached XP level 6. HP: 34/34 MP: 10/16
  2779 | D:4      | Noticed Blork the orc
  2791 | D:4      | Killed Blork the orc
  3087 | D:4      | HP: 1/34 [something/magic dart (7)]
  3108 | D:5      | Entered Level 5 of the Dungeon
  3259 | D:5      | Gained mutation: You are partially covered in thin metallic scales. (AC +2) [potion of mutation]
  3259 | D:5      | Gained mutation: You are frail. (-10% HP) [potion of mutation]
  3259 | D:5      | Gained mutation: Your natural rate of healing is unusually fast. [potion of mutation]
  3314 | D:4      | Noticed Edmund
  3352 | D:4      | Killed Edmund
  3352 | D:4      | Reached XP level 7. HP: 29/35 MP: 2/18
  3663 | D:4      | Noticed Menkaure
  3708 | D:4      | Killed Menkaure
  4046 | D:5      | Reached skill level 1 in Armour
  4139 | D:5      | Reached skill level 5 in Stealth
  4154 | D:5      | Noticed Sigmund
  4278 | D:5      | Noticed Burgietje's ghost (novice MiAK)
  4366 | D:5      | Reached XP level 8. HP: 29/39 MP: 14/20
  4430 | D:6      | Noticed Eustachio
  4457 | D:6      | Killed Eustachio
  4496 | D:6      | Reached skill level 5 in Dodging
  4502 | D:6      | Learned a level 4 spell: Force Lance
  4530 | D:6      | Found a staircase to the Ecumenical Temple.
  4807 | D:6      | Learned a level 1 spell: Animate Skeleton
  4897 | D:6      | Found a hide-covered altar of Uskayaw.
  4897 | D:6      | Found a basalt altar of Yredelemnul.
  4897 | D:6      | Found a sacrificial altar of Ru.
  5344 | Temple   | Entered the Ecumenical Temple
  5499 | Temple   | Became a worshipper of Sif Muna the Loreminder
  5651 | D:7      | Noticed Joseph
  5658 | D:7      | Shot with a sling bullet by Joseph

Skill      XL: |  1  2  3  4  5  6  7  8 |
---------------+-------------------------+-----
Spellcasting   | 4 5 6 7 |  7.4
Conjurations   | 5 6 7 |  7.2
Stealth        | 3 4 5 6 |  6.0
Dodging        | 3 4 5 |  5.4
Fighting       | 1 |  1.7
Maces & Flails | 1 |  1.6
Armour         | 1 2 |  2.4
Necromancy     | |  0.7

Action                   |  1- 3 |  4- 6 |  7- 9 || total
-------------------------+-------+-------+-------++-------
Melee: Mace              |     8 |    17 |    26 ||    51
       Unarmed           |     1 |       |       ||     1
 Cast: Magic Dart        |    54 |   103 |    57 ||   214
       Searing Ray       |       |    17 |    19 ||    36
       Force Lance       |       |       |     1 ||     1
  Use: Potion            |     1 |     4 |       ||     5
       Scroll            |       |     3 |     6 ||     9
 Stab: Sleeping          |     1 |       |       ||     1
  Eat: Chunk             |     1 |     5 |    18 ||    24
       Ration            |       |     1 |       ||     1
Armor: Robe              |     1 |     6 |    19 ||    26
       Leather armour    |       |       |     9 ||     9
Dodge: Dodged            |    12 |    32 |    60 ||   104
